 Dungeon Crawl Stone Soup version 0.25.1-11-g244df3a29b (webtiles) character file.

Game seed: 7112274556495465866

425 DeepDeath the Twirler (level 6, -6/48 HPs)
             Began as a Demigod Gladiator on Nov 19, 2023.
             Mangled by a mummy (16 damage)
             ... in an ossuary.
             The game lasted 00:13:37 (4183 turns).

DeepDeath the Twirler (Demigod Gladiator)           Turns: 4183, Time: 00:13:37

Health: -6/48      AC:  4    Str: 21    XL:     6   Next: 37%
Magic:  8/8        EV: 13    Int: 12    God:
Gold:   233        SH:  0    Dex: 17    Spells: 5/5 levels left

rFire    . . .     SeeInvis .   a - +0 quarterstaff
rCold    . . .     Gourm    .   (shield currently unavailable)
rNeg     . . .     Faith    .   b - +0 leather armour
rPois    .         Spirit   .   c - +0 helmet
rElec    .         Reflect  .   (no cloak)
rCorr    .         Harm     .   (no gloves)
MR       .....                  (no boots)
Stlth    +.........             (no amulet)
HPRegen  0.16/turn              (no ring)
MPRegen  0.11/turn              (no ring)

@: lightly drained
A: high mp 1
a: no special abilities


You were in an ossuary.
You were not hungry.

You visited 1 branch of the dungeon, and saw 4 of its levels.
You also visited: Ossuary.

You collected 233 gold pieces.

Inventory:

Hand Weapons
 a - a +0 quarterstaff (weapon)
 i - a +0 trident
Missiles
 e - 142 stones (quivered)
 k - 49 sling bullets
 r - 34 arrows
 s - a throwing net
Armour
 b - a +0 leather armour (worn)
 c - a +0 helmet (worn)
 m - a +0 ring mail
Jewellery
 d - an uncursed amulet of reflection {unknown}
 o - an uncursed amulet of magic regeneration {unknown}
Wands
 n - a wand of random effects (12)
Scrolls
 g - a scroll of noise
 q - a scroll of teleportation
Potions
 h - 2 potions of curing
 l - a potion of invisibility {unknown}
Comestibles
 f - 6 rations


   Skills:
 - Level 2.0(1.9) Fighting
 * Level 6.7(6.6) Staves
 - Level 2.0(1.9) Throwing
 - Level 3.0(2.9) Dodging


You had 5 spell levels left.
You didn't know any spells.
Your spell library was empty.

Dungeon Overview and Level Annotations

Branches:
Dungeon (4/15)            Ossuary (1/1)
 Temple: D:4-7

Annotations:
D:3 orcs


Innate Abilities, Weirdness & Mutations

You have an increased reservoir of magic. (+10% MP)


Message History

A mummy comes into view.
The mummy hits you!
You hit the mummy.
The mummy is lightly damaged.
You hit the mummy but do no damage.
The mummy is lightly damaged.
The mummy hits you!
You are too injured to fight recklessly!
You are too injured to fight recklessly!
You are too injured to fight recklessly!
You barely miss the mummy.
The mummy is lightly damaged.
You sock the mummy!
The mummy is heavily damaged.
The mummy hits you!
* * * LOW HITPOINT WARNING * * *
You sock the mummy!
The mummy is almost destroyed.
The mummy hits you!
You die...

###############
.....MM@.(....##
.....####(.....##
... ##..##......#
...##....##.....#
................#
...............##
.............##
#........##+#
#......##


You could see 2 mummies.

Vanquished Creatures
  A crimson imp (D:4)
  An orc priest (D:3)
  Jessica (D:3)
  An orc wizard (D:3)
  A big kobold zombie (Ossuary)
  6 mummies (Ossuary)
  4 gnolls (D:2)
  5 adders (D:2)
  2 oozes
  3 worms (D:2)
  10 dart slugs
  5 leopard geckos
  10 orcs
  5 giant cockroaches
  7 hobgoblins
  7 kobolds
  4 quokkas
  6 bats
  4 frilled lizards
  4 gnoll zombies (Ossuary)
  4 goblins
  2 kobold zombies (Ossuary)
  An orc zombie (Ossuary)
  6 rats
100 creatures vanquished.

Notes
Turn   | Place    | Note
-------+----------+-------------------------------------------
     0 | D:1      | DeepDeath the Demigod Gladiator began the quest for the
                  | Orb.
     0 | D:1      | Reached XP level 1. HP: 17/17 MP: 3/3
   121 | D:1      | Reached XP level 2. HP: 17/24 MP: 4/4
   125 | D:1      | Reached skill level 3 in Staves
   708 | D:1      | Reached XP level 3. HP: 27/29 MP: 5/5
   992 | D:2      | Found a faded altar of an unknown god.
  1312 | D:2      | Reached skill level 4 in Staves
  1362 | D:2      | Reached XP level 4. HP: 36/36 MP: 6/6
  1961 | D:3      | Reached skill level 5 in Staves
  2096 | D:3      | Reached XP level 5. HP: 41/41 MP: 7/7
  2172 | D:3      | Noticed an orc warrior
  2463 | D:3      | Noticed a +0 dagger
  2464 | D:3      | Noticed a +0 hand axe
  2466 | D:3      | Found a hide-covered altar of Uskayaw.
  3152 | D:3      | Noticed Jessica
  3161 | D:3      | Killed Jessica
  3563 | D:3      | Reached skill level 6 in Staves
  3793 | D:4      | Reached XP level 6. HP: 21/48 MP: 8/8
  3803 | D:4      | Found a sand-covered staircase.
  3948 | Ossuary  | Entered an ossuary
  4183 | Ossuary  | Mangled by a mummy

Illustrated notes

Levels and vault maps discovered:
D:1:      mrwooster_arrival_statue_2, layout_basic, serial_forest,
          infiniplex_forest_clump_long, infiniplex_forest_straight_4,
          infiniplex_forest_straight_2, infiniplex_forest_straight_4,
          infiniplex_forest_end_2
D:2:      layout_loops_ring, chequers_ecumenical_altar_island
D:3:      cheibrodos_old_hovel, layout_loops_ring, dancing_weapons_uskayaw,
          first_ration, uniq_jessica
D:4:      layout_cave_pools, old_standard_altar,
          nicolae_ossuary_entry_false_entrances
Ossuary:  ossuary_tomb_3

Skill      XL: |  1  2  3  4  5 |
---------------+----------------+-----
Fighting       | 2 |  2.0
Staves         | 3 4 5 6 |  6.7
Throwing       | 2 |  2.0
Dodging        | 3 |  3.0

Action                   |  1- 3 |  4- 6 || total
-------------------------+-------+-------++-------
Melee: Quarterstaff      |    87 |   181 ||   268
Throw: Stone             |    17 |    31 ||    48
       Throwing net      |     3 |     1 ||     4
       Boomerang         |       |    37 ||    37
  Use: Scroll            |     2 |     7 ||     9
       Potion            |       |     1 ||     1
 Stab: Sleeping          |     3 |       ||     3
       Held in net/web   |     1 |     1 ||     2
  Eat: Chunk             |     1 |     8 ||     9
       Ration            |       |     1 ||     1
Armor: Leather armour    |    10 |    40 ||    50
Dodge: Dodged            |    47 |   101 ||   148
